 Dungeon Crawl Stone Soup version 0.32-a0-886-g41c5271027 (webtiles) character file.

Game seed: 9091245339491926419

91 ragingrage the Ruffian (level 4, -9/32 HPs)
             Began as a Barachi Shapeshifter on Apr 3, 2024.
             Mangled by Jessica
             ... wielding a +4 dagger of electrocution
              (20 damage)
             ... on level 2 of the Dungeon.
             The game lasted 00:01:25 (1100 turns).

ragingrage the Ruffian (Barachi Shapeshifter)       Turns: 1100, Time: 00:01:26

Health: -9/32      AC:  8    Str: 17    XL:     4   Next: 59%
Magic:  4/4        EV:  9    Int: 11    God:
Gold:   78         SH:  0    Dex: 11    Spells: 3/3 levels left

rFire   . . .        o - +2 whip (elec)
rCold   . . .        (no shield)
rNeg    . . .        p - +0 scale mail
rPois   .            (no helmet)
rElec   .            (no cloak)
rCorr   .            f - +0 pair of gloves
SInv    .            j - +0 pair of boots
Will    .....        (no amulet) Stlth
                     (no ring)
HPRegen 0.25/turn    (no ring)
MPRegen 0.09/turn

%: no passive effects
@: studying Translocations, slow
A: amphibious, slowness 1, strong legs 1, +LOS
a: Hop


You were on level 2 of the Dungeon.
You visited 1 branch of the dungeon, and saw 2 of its levels.

You collected 78 gold pieces.

Inventory:

Hand Weapons
 o - a +2 whip of electrocution (weapon)
Armour
 a - a +0 animal skin
 f - a +0 pair of gloves (worn)
 j - a +0 pair of boots (worn)
 p - a +0 scale mail (worn)
Jewellery
 q - a ring of protection from fire
Talismans
 c - a beast talisman
 d - a flux talisman
Scrolls
 e - a scroll of enchant weapon {unknown}
 g - a scroll of butterflies {unknown}
 k - a scroll of fear {unknown}
 l - a scroll of vulnerability {unknown}
 m - a scroll of noise {unknown}
 s - a scroll of acquirement {unknown}
Potions
 b - 2 potions of lignification
 h - a potion of resistance {unknown}
 i - a potion of magic {unknown}
 n - a potion of heal wounds {unknown}
 r - a potion of invisibility {unknown}


   Skills:
 - Level 1.2 Fighting
 + Level 2.0 Maces & Flails
 - Level 2.1 Dodging
 - Level 2.0 Stealth
 - Level 4.5 Unarmed Combat
 - Level 3.2 Shapeshifting


You had 3 spell levels left.
You didn't know any spells.
Your spell library was empty.

Dungeon Overview and Level Annotations

Branches:
Dungeon (2/15)

Altars:

Annotations:
D:2 Jessica


Innate Abilities, Weirdness & Mutations

You are amphibious.
You cover ground slowly.
You can hop short distances.
You have an extended range of vision and can be seen from far away.


Message History

The ribbon worm expels a string of sticky webbing.
The stream of webbing hits you but does no damage.
You are caught in a web!
You are caught in a web!
You are caught in a web!
You are caught in a web!
You are caught in a web!
You are caught in a web!
You are caught in a web!
You are caught in a web!
A ribbon worm is nearby!
A ribbon worm is nearby!
You struggle to detach yourself from the web.
The ribbon worm bites you.
You are caught in a web!
You struggle to detach yourself from the web.
You are caught in a web!
The web tears apart.
The ribbon worm bites you.
You whack the ribbon worm!
Lightning courses through the ribbon worm!
You kill the ribbon worm!
Your Maces & Flails skill increases to level 2!
No target in view!
No target in view!
No target in view!
Jessica the Apprentice Sorceress comes into view.
She is wielding a +4 dagger of electrocution and wearing a +2 robe of cold resistance.
Jessica shouts!
You start waiting.
Jessica is nearby!
Jessica mumbles some strange words.
Jessica blinks!
Unknown command.
You closely miss Jessica.
Jessica gestures wildly.
Jessica hits you with a +4 dagger of electrocution!
You are electrocuted!
You hit Jessica but do no damage. Jessica hits you but does no damage.
You are electrocuted!!
Ouch! That really hurt!
You die...

#..# #†#.# #..#
#.#.# #..#
#.#.######## #..#
#........>.#
#..#######.######.#
#.....# #.# #.#
#..##.# ##.######.#
##..##.# #.........#
#.@@...###..########
##..........#
#####.###.##
##.###.#
#####...##.#
#..........#
#.###...#..# #.#
##.##..######### #.#
#.............#


You could see Jessica.

Vanquished Creatures
  Natasha (twice) (D:2)
  2 ribbon worms (D:2)
  2 dart slugs (D:1)
  A ball python (D:2)
  6 endoplasms
  2 giant cockroaches (D:1)
  2 hobgoblins
  4 bats
  3 frilled lizards
  7 kobolds
  5 rats
36 creatures vanquished.

Notes
Turn   | Place    | Note
-------+----------+-------------------------------------------
     0 | D:1      | ragingrage the Barachi Shapeshifter began the quest for the
                  | Orb.
     0 | D:1      | Reached XP level 1. HP: 15/15 MP: 1/1
   153 | D:1      | Reached skill level 1 in Stealth
   153 | D:1      | Reached XP level 2. HP: 21/21 MP: 2/2
   504 | D:1      | Reached XP level 3. HP: 26/26 MP: 3/3
   506 | D:1      | Reached skill level 4 in Unarmed Combat
   814 | D:2      | Noticed Natasha
   821 | D:2      | Killed Natasha
   881 | D:2      | Reached XP level 4. HP: 30/32 MP: 4/4
   903 | D:2      | Noticed Natasha
   912 | D:2      | Killed Natasha
   913 | D:2      | Reached skill level 1 in Maces & Flails
  1091 | D:2      | Noticed Jessica
  1100 | D:2      | Mangled by Jessica

Illustrated notes

Levels and vault maps discovered:
D:1:      dpeg_arrival_tiny_k, layout_basic, minmay_split_cup_small
D:2:      wander_river, layout_loops_ring, uniq_jessica, uniq_natasha

Skill      XL: |  1  2  3  4 |
---------------+-------------+-----
Stealth        | 1 2 |  2.0
Unarmed Combat | 4 |  4.5
Maces & Flails | 2 |  2.0
Fighting       | |  1.2
Dodging        | |  2.1
Shapeshifting  | |  3.2

Action                     |  1- 3 |  4- 6 || total
---------------------------+-------+-------++-------
  Melee: Unarmed           |    64 |       ||    64
         Whip              |     5 |    25 ||    30
   Stab: Sleeping          |     4 |       ||     4
 Armour: Animal skin       |    39 |       ||    39
         Scale mail        |     1 |    16 ||    17
  Dodge: Dodged            |    48 |    11 ||    59
         Form:             |     1 |       ||     1

Table legend: (Time is in decaauts)
 A = Elapsed time spent in this place.
 B = Non-inter-level travel time spent in this place.
 C = Inter-level travel time spent in this place.
 D = Time resting spent in this place.
 E = Time spent auto-exploring this place.
 F = Levels seen in this place.
 G = Mean time per level.
                   A        B        C        D        E       F      G
               +--------+--------+--------+--------+--------+-----+--------+
         Total |   1253 |   1229 |     24 |      5 |    866 |   2 |  626.5 |
       Dungeon |   1253 |   1229 |     24 |      5 |    866 |   2 |  626.5 |
               +--------+--------+--------+--------+--------+-----+--------+

Top non-repeatable levels by time:
     D:1: 671 daAuts
     D:2: 581 daAuts
